 Dungeon Crawl Stone Soup version 0.29.1-2-gbd0b4ee654 (webtiles) character file.

Game seed: 716957542010435895

2335 LustLizard the Skirmisher (level 9, -7/41 HPs)
             Began as a Spriggan Hunter on Nov 29, 2022.
             Was an Initiate of Dithmenos.
             Shot with an arrow by a centaur (10 damage)
             ... on level 7 of the Dungeon.
             The game lasted 00:16:04 (8088 turns).

LustLizard the Skirmisher (Spriggan Hunter)         Turns: 8088, Time: 00:16:04

Health: -7/41      AC:  4    Str:  7    XL:     9   Next: 19%
Magic:  7/12       EV: 19    Int: 12    God:    Dithmenos [......]
Gold:   310        SH:  0    Dex: 21    Spells: 4/10 levels left

rFire   . . .      SeeInvis +   a - +0 shortbow
rCold   . . .      Faith    .   (shield currently unavailable)
rNeg    . . .      Spirit   .   c - +0 robe
rPois   .          Reflect  .   (helmet restricted)
rElec   .          Harm     .   p - +1 cloak {Stlth+}
rCorr   .          Rampage  .   (gloves unavailable)
Will    +....                   (boots unavailable)
Stlth   +++++.....              (no amulet)
HPRegen 0.13/turn               (no ring)
MPRegen 0.13/turn               (no ring)

@: very quick
A: very small, no large weapons, unfitting armour, see invisible, speed 3
a: Renounce Religion


You were on level 7 of the Dungeon.
You worshipped Dithmenos.
Dithmenos was noncommittal.
You visited 2 branches of the dungeon, and saw 8 of its levels.

You collected 474 gold pieces.
You spent 164 gold pieces at shops.

Inventory:

Hand Weapons
 a - a +0 shortbow (weapon)
Armour
 c - a +0 robe (worn)
 i - a +2 buckler
 p - a +1 cloak of stealth (worn)
Wands
 y - a wand of light (8)
Scrolls
 b - 6 scrolls of immolation
 e - 2 scrolls of amnesia {unknown}
 g - a scroll of blinking {unknown}
 h - 3 scrolls of vulnerability {unknown}
 o - 2 scrolls of magic mapping {unknown}
 r - 2 scrolls of teleportation {unknown}
 s - 2 scrolls of butterflies {unknown}
 t - a scroll of poison {unknown}
 u - a scroll of summoning {unknown}
 w - a scroll of enchant weapon {unknown}
 z - a scroll of enchant armour {unknown}
Potions
 d - 2 potions of ambrosia
 f - a potion of lignification {unknown}
 j - 3 potions of flight
 k - a potion of haste {unknown}
 l - a potion of attraction {unknown}
 m - 2 potions of curing
 n - 2 potions of mutation
 q - 2 potions of heal wounds {unknown}
 v - 3 potions of brilliance
 x - 2 potions of cancellation {unknown}


   Skills:
 - Level 1.5 Fighting
 * Level 9.2 Ranged Weapons
 + Level 3.6 Dodging
 - Level 8.6 Stealth
 - Level 1.4 Spellcasting
 - Level 3.0 Air Magic
 + Level 5.8 Poison Magic


You had 4 spell levels left.
You knew the following spells:

 Your Spells              Type           Power      Damage    Failure   Level
a - Poisonous Vapours     Pois/Air       22%        N/A       7%          2
b - Olgreb's Toxic Radia  Pois           14%        N/A       26%         4

Your spell library contained the following spells:

 Spells                   Type           Power      Damage    Failure   Level
 Sting                    Tmut/Pois      28%        1d4       9%          1
 Shock                    Conj/Air       16%        1d4       16%         1
 Spider Form              Tmut/Pois      7%         N/A       26%         3
 Swiftness                Air            8%         N/A       26%         3
 Ensorcelled Hibernation  Hex/Ice        0%         N/A       41%         2
 Airstrike                Air            4%         2d(1-17)  63%         4
 Portal Projectile        Hex/Tloc       0%         N/A       65%         3
 Tukima's Dance           Hex            0%         N/A       65%         3
 Anguish                  Hex/Necr       0%         N/A       96%         4
 Blade Hands              Tmut           0%         N/A       100%        5


Dungeon Overview and Level Annotations

Branches:
Dungeon (7/15)             Temple (1/1) D:6

Altars:
Cheibriados
Dithmenos
Elyvilon
Fedhas
Gozag
Hepliaklqana
Kikubaaqudgha
Makhleb
Nemelex Xobeh
Okawaru
Qazlal
Ru
Sif Muna
Trog
Uskayaw
Wu Jian
Xom
Yredelemnul
Zin

Shops:
D:2 *


Innate Abilities, Weirdness & Mutations

You are very small and have problems with some larger weapons.
You are too small for most types of armour.
You have supernaturally acute eyesight. (SInv)
You cover ground extremely quickly. (Speed+++)


Message History

You kill the water moccasin!
Dithmenos accepts your kill.
Okay, then.
You see here a water moccasin corpse.
You see here a water moccasin corpse.
A centaur comes into view.
Casting: Poisonous Vapours (safe; 7% risk of failure)
Confirm with . or Enter, or press ? or * to list all spells.
Aiming: Poisonous Vapours (safe; 7% risk of failure)
Press: ? - help, Dir - move target, f - centaur
Aim: a centaur (asleep) Poisonous vapours surround the centaur!
The centaur is poisoned.
The centaur shouts!
The centaur wields a +3 shortbow.
The centaur shoots an arrow.
The arrow hits you.
Casting: Poisonous Vapours (safe; 7% risk of failure)
Confirm with . or Enter, or press ? or * to list all spells.
Aiming: Poisonous Vapours (safe; 7% risk of failure)
Press: ? - help, Dir - move target, f/p - centaur
Aim: a centaur, wielding a +3 shortbow (poisoned) Poisonous vapours surround the centaur!
The centaur looks even sicker.
The centaur shoots an arrow.
The arrow completely misses you.
Unknown command.
Casting: Poisonous Vapours (safe; 7% risk of failure)
Confirm with . or Enter, or press ? or * to list all spells.
Aiming: Poisonous Vapours (safe; 7% risk of failure)
Press: ? - help, Dir - move target, f/p - centaur
Aim: a centaur, wielding a +3 shortbow (lightly wounded, very poisoned) Poisonous vapours surround the centaur!
The centaur looks even sicker.
The centaur shoots an arrow.
The arrow hits you!
The centaur shoots an arrow.
The arrow hits you!
Unknown command.
Fire: a) +0 shortbow
Press: ? - help, Q - select action, (/) - cycle Shift-Dir - straight line, f/p - centaur
Aim: a centaur, wielding a +3 shortbow (heavily wounded, very poisoned, 76% to hit)
You shoot an arrow. The arrow closely misses the centaur.
The centaur shoots an arrow.
The arrow hits you!
* * * LOW HITPOINT WARNING * * *
The centaur shoots an arrow.
The arrow hits you!
You die...

.#.# .#.#
####.#.###########
.#.##.#.#.c..#.##.........
....#..#.#.####.##.........
.........#.#..#.##.........
.........#.#.##.##.........
.........#.#.†..##.......).
.........#@#.#####.........
........#.......'....)....
#####..#.###.....#.........
.........#.................
.######.##.#.....<.........
#......#.....####...###
#.###..#..........### #.#
##.#.....#..#.# ## #.#
#.......#.##.# #.


You could see a centaur (very poisoned).

Vanquished Creatures
  Grinder (D:4)
  Prince Ribbit (D:5)
  2 water moccasins (D:7)
  A black bear (D:4)
  2 sky beasts (D:6)
  An ice beast (D:6)
  An ogre (D:6)
  A bullfrog (D:6)
  6 scorpions
  3 wights (D:7)
  2 electric eels (D:6)
  3 hounds
  Crazy Yiuf (D:2)
  An orc priest (D:3)
  Jessica (D:2)
  2 orc wizards (D:6)
  6 iguanas
  12 gnolls
  An adder (D:4)
  2 shadow imps
  A white imp (D:7)
  2 worms (D:3)
  10 dart slugs
  7 orcs
  9 ball pythons
  4 bats
  5 endoplasms
  7 giant cockroaches
  7 goblins
  11 hobgoblins
  11 jackals
  2 quokkas
  2 frilled lizards
  13 kobolds
  4 rats
145 creatures vanquished.

Vanquished Creatures (others)
  7 plants (D:6)
7 creatures vanquished.

Grand Total: 152 creatures vanquished

Notes
Turn   | Place    | Note
-------+----------+-------------------------------------------
     0 | D:1      | LustLizard the Spriggan Hunter began the quest for the Orb.
     0 | D:1      | Reached XP level 1. HP: 10/10 MP: 2/2
    48 | D:1      | Reached XP level 2. HP: 5/14 MP: 3/3
   614 | D:1      | Found a faded altar of an unknown god.
   738 | D:2      | Found Fugonob's Assorted Antiques.
   750 | D:2      | Reached XP level 3. HP: 18/18 MP: 4/4
   753 | D:2      | Learned a level 2 spell: Poisonous Vapours
   753 | D:2      | Bought 2 smoky cyan potions for 45 gold pieces
   753 | D:2      | Bought a fizzy clear potion for 22 gold pieces
   878 | D:2      | Noticed Jessica
  1112 | D:2      | Killed Jessica
  1175 | D:2      | Reached XP level 4. HP: 14/22 MP: 6/6
  1670 | D:2      | Found a runed translucent door.
  1671 | D:2      | Noticed Crazy Yiuf
  1873 | D:2      | HP: 1/22 [Crazy Yiuf/+4 quarterstaff of chaos (3)]
  1885 | D:2      | Killed Crazy Yiuf
  1886 | D:2      | Reached skill level 5 in Ranged Weapons
  1886 | D:2      | Reached skill level 1 in Spellcasting
  1886 | D:2      | Reached skill level 1 in Air Magic
  1886 | D:2      | Reached skill level 1 in Poison Magic
  2244 | D:2      | Bought a silvery potion for 22 gold pieces
  2244 | D:2      | Bought a scroll labelled FYAGUKO ESIN for 25 gold pieces
  2244 | D:2      | Bought a scroll labelled QAGRUG SIEGESCH for 25 gold pieces
  2244 | D:2      | Bought a scroll labelled YVOTEI BAUNG for 25 gold pieces
  2433 | D:3      | Reached XP level 5. HP: 25/25 MP: 7/7
  2693 | D:3      | Found a shimmering altar of Xom.
  3514 | D:4      | Reached XP level 6. HP: 30/30 MP: 9/9
  4061 | D:4      | Found a hide-covered altar of Uskayaw.
  4062 | D:4      | Noticed Grinder
  4081 | D:4      | Killed Grinder
  4082 | D:4      | Reached skill level 6 in Ranged Weapons
  4082 | D:4      | Reached skill level 5 in Stealth
  4082 | D:4      | Reached XP level 7. HP: 33/33 MP: 10/10
  4088 | D:4      | Learned a level 4 spell: Olgreb's Toxic Radiance
  4535 | D:4      | Found an ornate altar of the Wu Jian Council.
  4576 | D:5      | Entered Level 5 of the Dungeon
  4621 | D:5      | Noticed Prince Ribbit
  4660 | D:5      | Killed Prince Ribbit
  4661 | D:5      | Reached skill level 7 in Ranged Weapons
  4667 | D:5      | Reached XP level 8. HP: 37/37 MP: 2/11
  4782 | D:5      | Found an opulent altar of Gozag.
  5014 | D:5      | Identified the +3 ring mail of the Bull {+Blink}
  6522 | D:6      | Reached skill level 8 in Ranged Weapons
  6651 | D:6      | Found a white marble altar of Elyvilon.
  6739 | D:6      | Reached skill level 5 in Poison Magic
  6924 | D:6      | Found a staircase to the Ecumenical Temple.
  6935 | Temple   | Entered the Ecumenical Temple
  7011 | Temple   | Became a worshipper of Dithmenos the Shadowed
  7618 | D:6      | Reached XP level 9. HP: 25/41 MP: 0/12
  7753 | D:7      | Found a sacrificial altar of Ru.
  7833 | D:7      | Reached skill level 9 in Ranged Weapons
  8088 | D:7      | Shot with an arrow by a centaur

Illustrated notes

Levels and vault maps discovered:
D:1:      dpeg_arrival_simpleton_c, layout_rooms,
          dreamdust_ecumenical_altar_angels_and_demons, minmay_misc_feat_x,
          minmay_misc_feat_doors
D:2:      minmay_recursive_quarters, layout_basic, serial_shops, shop_statue,
          serial_bayou_pond_c, uniq_jessica, uniq_crazy_yiuf_cottage
D:3:      kennysheep_slugbush, layout_rooms, mainiacjoe_overflow_cross_hatched,
          chequers_serial_rivers_room_b, kennysheep_minor_cross, minmay_bisected
D:4:      layout_rooms, amcnicky_altar_gilded, lemuel_coloured_pillars_altar,
          st_stairs_14, kennysheep_generic_room_7, uniq_grinder
D:5:      layout_basic, nicolae_gozag_seed_capital, uniq_prince_ribbit1
D:6:      layout_loops_ring, nicolae_elyvilon_temple_path,
          minmay_temple_entry_ruins
D:7:      layout_basic, mainiacjoe_overflow_concentric_impassable,
          marbit_many_paths, serial_shops, nicolae_shop_statue_plus, uniq_joseph
Temple:   nicolae_temple_bog_church

Skill      XL: |  1  2  3  4  5  6  7  8  9 |
---------------+----------------------------+-----
Stealth        | 2 3 4 5 6 8 |  8.6
Ranged Weapons | 5 6 7 8 9 |  9.2
Spellcasting   | 1 |  1.4
Air Magic      | 1 2 3 |  3.0
Poison Magic   | 1 2 3 4 5 |  5.8
Dodging        | 3 |  3.6
Fighting       | |  1.5

Action                   |  1- 3 |  4- 6 |  7- 9 || total
-------------------------+-------+-------+-------++-------
 Fire: Shortbow          |    85 |   240 |   196 ||   521
 Cast: Poisonous Vapours |       |       |    56 ||    56
  Use: Scroll            |       |       |     5 ||     5
Armor: Robe              |     5 |     9 |     9 ||    23
Dodge: Dodged            |    33 |    64 |    67 ||   164
